Map: Ruins of Seras

Players

Burt - Winner!

  • Race: Terran Terran
  • League: Platinum

muskie

  • Race: Protoss Protoss
  • League: Bronze

VOD

Have the link to the VOD?

Description

Time

  • Played on: Nov. 17, 2015, 8:59 p.m.
  • Length: 6:05
Show
View Real Time Build Order
Export as new Build Order

Burt Terran - Winner!

Build Orders: Reaper Expand 

Get SALT Encoding   

  12  0:01  SCV  
  13  0:13  SCV  
  14  0:18  Supply Depot  
  14  0:25  SCV  
  15  0:40  SCV  
  15  0:41  Barracks  
  16  0:46  Refinery  
  16  0:53  SCV  
  17  1:05  SCV  
  18  1:17  SCV  
  19  1:29  Reaper  
  19  1:30  Orbital Command  
  20  1:49  Command Center  
  20  1:56  SCV  
  21  2:08  SCV  
  22  2:15  Refinery  
  22  2:16  Supply Depot  
  22  2:20  SCV  
  23  2:28  Barracks Reactor  
  23  2:34  Factory  
  23  2:38  SCV  
  24  2:50  SCV  
  25  3:02  SCV, Factory  
  25  3:04  Barracks  
  26  3:09  Barracks  
  25  3:15  Orbital Command  
  25  3:25  SCV  
  26  3:32  Widow Mine  
  28  3:36  Marine  
  28  3:38  SCV  
  30  3:46  SCV  
  31  3:48  Bunker  
  31  3:50  SCV  
  31  3:51  Marine  
  31  3:54  Marine  
  34  3:56  Factory Tech Lab  
  34  4:05  Hellion  
  36  4:14  Supply Depot  
  36  4:20  SCV x2  
  38  4:28  Engineering Bay  
  38  4:30  Armory  
  38  4:32  SCV x2, Barracks Tech Lab x2  
  38  4:33  Barracks Tech Lab  
  38  4:36  Siege Tank  
  43  4:44  SCV x2  
  45  4:46  Supply Depot  
  45  4:56  SCV x2  
  47  5:00  Missile Turret  
  47  5:02  Missile Turret  
  47  5:03  Supply Depot  
  47  5:05  Marauder  
  49  5:09  Siege Tank  
  49  5:11  Hellion  
  54  5:21  SCV x2  
  55  5:31  Marauder  
  55  5:33  SCV x2  
  55  5:34  Marauder  
  61  5:38  Hellion  
  63  5:45  Supply Depot, SCV x2  
Show
View Real Time Build Order
Export as new Build Order

muskie Protoss 

Build Orders:  

Get SALT Encoding   

  12  0:02  Probe (Chrono Boost)  
  13  0:15  Pylon  
  13  0:19  Probe (Chrono Boost)  
  14  0:30  Probe (Chrono Boost)  
  15  0:38  Gateway  
  15  0:41  Probe (Chrono Boost)  
  16  0:46  Assimilator  
  16  0:52  Probe (Chrono Boost)  
  17  1:05  Probe (Chrono Boost)  
  18  1:16  Probe (Chrono Boost)  
  19  1:26  Cybernetics Core  
  19  1:30  Probe (Chrono Boost), Pylon  
  20  1:34  Assimilator  
  20  1:40  Probe (Chrono Boost)  
  21  1:50  Gateway  
  21  1:51  Probe (Chrono Boost)  
  22  2:03  Warp Gate (Chrono Boost)  
  22  2:06  Probe (Chrono Boost)  
  23  2:11  Robotics Facility  
  22  2:20  Mothership Core (Chrono Boost)  
  24  2:26  Gateway  
  24  2:30  Pylon  
  24  2:39  Robotics Facility  
  24  2:55  Gateway  
  24  3:24  Probe  
  24  3:26  Warp Prism  
  27  3:36  Probe  
  27  3:39  Pylon  
  28  3:48  Probe  
  28  4:30  Pylon  
  28  4:32  Pylon  
  28  4:36  Nexus  
  28  4:54  Adept x3  
  28  4:55  Adept  
  36  5:09  Observer  
  37  5:16  Pylon  
  37  5:36  Adept x3  
  37  5:37  Adept  
Tags
 
Add a new tag
Caveats
  • Supply blocks, unpowered buildings, or Contaminate may cause inaccurate times.
  • Supply counts are checked every 10 seconds.